 Dungeon Crawl Stone Soup version 0.29.1-1-gd02db6906a (webtiles) character file.

Game seed: 3407003459793682368

1795 MisterFreud the Nimble (level 8, -4/38 HPs)
             Began as a Felid Berserker on Oct 11, 2022.
             Was an Elder of Trog.
             Slain by a yak (17 damage)
             ... on level 8 of the Dungeon.
             The game lasted 00:07:23 (7551 turns).

MisterFreud the Nimble (Felid Berserker)            Turns: 7551, Time: 00:07:23

Health: -4/38      AC:  2    Str: 13    XL:     8   Next: 83%
Magic:  9/9        EV: 24    Int:  8    God:    Trog [****..]
Gold:   394        SH:  0    Dex: 18    Spells: 7/7 levels left
                                        Lives:  0   Deaths: 2

rFire   . . .      SeeInvis +     - Unarmed
rCold   . . .      Faith    .   (shield unavailable)
rNeg    . . .      Spirit   .   (body armour unavailable)
rPois   .          Reflect  .   (helmet unavailable)
rElec   .          Harm     .   (cloak unavailable)
rCorr   .          Rampage  .   (gloves unavailable)
Will    +....                   (boots unavailable)
Stlth   ++++......              (no amulet)
HPRegen 0.12/turn               g - +4 ring of slaying
MPRegen 0.11/turn               (no ring)

@: quick
A: very small, claws 1, fangs 3, see invisible, speed 1, shaggy fur 2, stealthy
paws, no weapons or thrown items, no armour, multi-lived
a: Renounce Religion, Berserk, Trog's Hand, Brothers in Arms


You were on level 8 of the Dungeon.
You worshipped Trog.
Trog was greatly pleased with you.
You visited 1 branch of the dungeon, and saw 8 of its levels.
You also visited: Ossuary.

You collected 394 gold pieces.

Inventory:

Jewellery
 g - a +4 ring of slaying (left paw)
 h - a +6 ring of strength
Wands
 o - a wand of charming (8)
 q - a wand of iceblast (4)
 r - a wand of flame (11)
Scrolls
 c - 3 scrolls of magic mapping
 f - 2 scrolls of fear
 j - a scroll of teleportation
 k - 2 scrolls of identify
 n - a scroll of butterflies
Potions
 a - a potion of cancellation
 b - 8 potions of brilliance
 d - 2 potions of lignification
 e - 2 potions of flight
 i - 2 potions of heal wounds
 l - 6 potions of curing
 m - a potion of ambrosia
 p - a potion of might


   Skills:
 - Level 6.0 Fighting
 - Level 10.0 Dodging
 + Level 8.0 Stealth
 + Level 7.0 Unarmed Combat


You had 7 spell levels left.
You didn't know any spells.
Your spell library was empty.

Dungeon Overview and Level Annotations

Branches:
Dungeon (8/15)             Temple (0/1) D:7         Ossuary (visited)
   Lair: D:8-11

Altars:
Elyvilon
Gozag
Wu Jian
The Shining One

Shops:
D:4 [[

Annotations:
D:8 3 runed translucent doors, groll's ghost, novice MiBe


Innate Abilities, Weirdness & Mutations

You have sharp claws.
You have razor-sharp teeth.
You have supernaturally acute eyesight. (SInv)
You cover ground quickly. (Speed+)
You are covered in thick fur. (AC +2)
Your paws help you pounce on unaware monsters.
You are incapable of wielding weapons or throwing items.
You cannot wear armour.
You gain extra lives every three experience levels.


Message History

The white imp shouts, "Away with thee, thou paunchy hasty-witted guttersnipe!"
A white imp is nearby!
The white imp gestures at you. The puff of frost misses you.
The white imp gestures at you. The puff of frost hits you!
A yak comes into view.
There are monsters nearby!
The white imp grinds its teeth.
A yak comes into view.
The yak bellows! x2
The white imp completely misses you.
A yak comes into view.
You scratch the white imp.
You claw the white imp, but do no damage.
The white imp is severely wounded.
You scratch the white imp. You bite the white imp.
You kill the white imp!
Trog accepts your kill.
You scratch the yak but do no damage. You scratch the yak.
The yak is lightly wounded.
The yak gores you.
You scratch the yak.
The yak is lightly wounded.
The yak closely misses you.
You scratch the yak.
The yak is lightly wounded.
The yak barely misses you.
You barely miss the yak.
The yak is lightly wounded.
The yak misses you.
You scratch the yak but do no damage. Your claw misses the yak.
The yak is lightly wounded.
The yak gores you.
You barely miss the yak.
The yak is lightly wounded.
The yak gores you!
You fail to use your ability.
The yak gores you!
You die...

#..# ..# #..# ..#
#..# ..# #..# ..#
#..# ..# #..# ..#
####..####..####.
#....@YYY........
#.##.#####...####
#.##.# .#.....
#.##.# .. ####
###.#..## #.#
#.......# ##
#.#.#.### #.#.#.#
#....o..o.. .
#.#.#.#
#.#8#..8.o#8#o#


You could see 3 yaks.

Vanquished Creatures
  A wyvern (D:7)
  Duvessa (D:4)
  3 water moccasins
  A black bear (D:6)
  A centaur (D:7)
  A kobold brigand (D:6)
  3 necrophages
  2 bullfrogs (D:7)
  5 scorpions
  Dowan (D:4)
  3 killer bees (D:5)
  3 jellies
  2 hounds
  A gnoll bouda (D:7)
  Jessica (D:3)
  2 iguanas (D:6)
  3 orc wizards (D:4)
  2 mummies
  9 gnolls
  7 adders
  A shadow imp (D:7)
  A white imp (D:8)
  2 worms
  2 dart slugs
  9 orcs
  A spectral bat (Ossuary)
  3 bats
  8 endoplasms
  A giant cockroach (D:3)
  12 gnoll zombies (Ossuary)
  5 goblins
  5 hobgoblins
  6 jackals (D:1)
  5 quokkas
  2 ball pythons (D:1)
  A bat simulacrum (Ossuary)
  3 frilled lizards
  2 goblin simulacra (Ossuary)
  6 goblin zombies (Ossuary)
  6 hobgoblin zombies
  3 kobolds
  4 kobold simulacra (Ossuary)
  6 kobold zombies (Ossuary)
  2 orc zombies (Ossuary)
  6 rats
  3 rat simulacra (Ossuary)
  2 spectral goblins (Ossuary)
  2 spectral kobolds (Ossuary)
  A spectral rat (Ossuary)
162 creatures vanquished.

Notes
Turn   | Place    | Note
-------+----------+-------------------------------------------
     0 | D:1      | MisterFreud the Felid Berserker began the quest for the
                  | Orb.
     0 | D:1      | Reached XP level 1. HP: 10/10 MP: 2/2
    33 | D:1      | Reached skill level 1 in Stealth
   114 | D:1      | Reached XP level 2. HP: 7/14 MP: 3/3
   608 | D:1      | Reached XP level 3. HP: 11/17 MP: 4/4
   841 | D:1      | Found a faded altar of an unknown god.
  1748 | D:3      | Found an opulent altar of Gozag.
  1775 | D:3      | Noticed Jessica
  1782 | D:3      | Killed Jessica
  1783 | D:3      | Reached XP level 4. HP: 21/21 MP: 5/5
  1848 | D:3      | Reached ** piety under Trog
  2243 | D:4      | Noticed Duvessa
  2246 | D:4      | Noticed Dowan
  2253 | D:4      | Killed Duvessa
  2254 | D:4      | Reached skill level 5 in Stealth
  2254 | D:4      | Reached XP level 5. HP: 10/24 MP: 6/6
  2264 | D:4      | Killed Dowan
  2265 | D:4      | Reached skill level 5 in Unarmed Combat
  2552 | D:4      | Found a sand-covered staircase.
  2555 | D:4      | Gained mutation: You are covered in thick fur. (AC +2)
                  | [Felid growth]
  2555 | D:4      | Reached XP level 6. HP: 28/28 MP: 7/7
  2557 | Ossuary  | Entered an ossuary
  2731 | Ossuary  | Reached *** piety under Trog
  3220 | D:4      | Killed from afar by an orc wizard
  3221 | D:4      | Reached XP level 5. HP: -1/24 MP: 6/6
  3268 | D:4      | Reached XP level 6. HP: 27/28 MP: 7/7
  3284 | D:4      | Found Fupeugum's Armour Emporium.
  3548 | D:4      | Found Uhutapn's Antique Armour Shop.
  3580 | D:4      | Reached skill level 5 in Dodging
  4169 | D:4      | Found a glowing golden altar of the Shining One.
  4195 | D:5      | Entered Level 5 of the Dungeon
  4404 | D:5      | Reached skill level 6 in Dodging
  4567 | D:5      | Reached skill level 7 in Dodging
  4567 | D:5      | Reached XP level 7. HP: 19/31 MP: 8/8
  4574 | D:5      | Succumbed to a killer bee's poison
  4575 | D:5      | Reached XP level 6. HP: 0/28 MP: 7/7
  4603 | D:5      | Found a white marble altar of Elyvilon.
  4641 | D:5      | Reached skill level 8 in Dodging
  4954 | D:6      | Reached skill level 9 in Dodging
  4954 | D:6      | Reached XP level 7. HP: 27/31 MP: 8/8
  5171 | D:6      | Reached skill level 10 in Dodging
  5604 | D:6      | Found an ornate altar of the Wu Jian Council.
  5749 | D:6      | Reached **** piety under Trog
  5750 | D:6      | Reached skill level 5 in Fighting
  5750 | D:6      | Reached XP level 8. HP: 37/37 MP: 9/9
  6012 | D:7      | Found a staircase to the Ecumenical Temple.
  7488 | D:8      | Found a runed translucent gate.
  7488 | D:8      | Found a runed translucent gate.
  7488 | D:8      | Found a runed translucent gate.
  7492 | D:8      | Noticed groll's ghost (novice MiBe)
  7551 | D:8      | Slain by a yak

Illustrated notes

Levels and vault maps discovered:
D:1:      nzn_arrival_settlement, layout_rooms, ebering_ecumenical_altar_box
D:2:      layout_loops_ring
D:3:      layout_basic, mainiacjoe_overflow_cross_hatched, uniq_jessica
D:4:      layout_basic, general_overflow_altar, nicolae_ossuary_entry_giza,
          serial_shops, shop, nicolae_shop_behind_doors, uniq_duvessa
D:5:      layout_cave_pools, mainiacjoe_overflow_small_starburst, hex_medium
D:6:      layout_rooms, pdpol_wu_jian_five_deadly_venoms, lemuel_flamethrower_2
D:7:      layout_gridville, minmay_temple_entry_grid, minmay_holes
D:8:      layout_loops_ring, lair_entry_dummy, biasface_ghost_orc_armoury,
          sigmund_army

Skill      XL: |  1  2  3  4  5  6  7  8 |
---------------+-------------------------+-----
Stealth        | 1 2 4 5 6 8 |  8.0
Unarmed Combat | 4 6 7 |  7.0
Dodging        | 9 10 | 10.0
Fighting       | 5 6 |  6.0

Action                   |  1- 3 |  4- 6 |  7- 9 || total
-------------------------+-------+-------+-------++-------
Melee: Unarmed           |    62 |   183 |   113 ||   358
       Punch             |     2 |     7 |     3 ||    12
       Bite              |     1 |    26 |    12 ||    39
Invok: Berserk           |     2 |     3 |     3 ||     8
  Use: Scroll            |     6 |     6 |     4 ||    16
       Potion            |       |     2 |     2 ||     4
 Stab: Sleeping          |     7 |    24 |     5 ||    36
       Distracted        |     1 |       |       ||     1
Armor: Skin              |     3 |    17 |     4 ||    24
Dodge: Dodged            |    40 |    94 |   100 ||   234
